 Dungeon Crawl Stone Soup version 0.25.0-65-g31bcc41 (webtiles) character file.

1256 Dorkslayer the Shield-Bearer (level 8, -10/51 HPs)
             Began as a Gargoyle Fighter on Nov 14, 2020.
             Was an Initiate of Okawaru.
             Mangled by a white ugly thing (30 damage)
             ... on level 2 of the Dungeon.
             The game lasted 00:04:46 (935 turns).

Dorkslayer the Shield-Bearer (Gargoyle Fighter)      Turns: 935, Time: 00:04:47

Health: -10/51     AC: 13    Str: 22    XL:     8   Next: 51%
Magic:  8/8        EV:  8    Int:  9    God:    Okawaru [......]
Gold:   43         SH: 10    Dex:  9    Spells: 7/7 levels left

rFire    . . .     SeeInvis .   j - +2 hand axe (distort)
rCold    . . .     Gourm    .   c - +0 shield
rNeg     + . .     Faith    .   b - +0 scale mail
rPois    ∞         Spirit   .   (no helmet)
rElec    +         Reflect  .   (no cloak)
rCorr    .         Harm     .   (no gloves)
MR       .....                  (no boots)
Stlth    ..........             (no amulet)
HPRegen  0.17/turn              (no ring)
MPRegen  0.11/turn              (no ring)

@: no status effects
A: negative energy resistance 1, electricity resistance, unbreathing,
petrification resistance, rot immunity, AC +5
a: Renounce Religion


You were on level 2 of the Dungeon.
You worshipped Okawaru.
Okawaru was noncommittal.
You were not hungry.

You visited 2 branches of the dungeon, and saw 3 of its levels.

You collected 43 gold pieces.

Inventory:

Hand Weapons
 a - a +0 long sword
 j - a +2 hand axe of distortion (weapon)
Armour
 b - a +0 scale mail (worn)
 c - a +0 shield (worn)
Scrolls
 e - a scroll of immolation
 g - a scroll of teleportation
 i - a scroll of enchant weapon {unknown}
 n - 3 scrolls of remove curse
 o - a scroll of fear {unknown}
Potions
 p - a potion of brilliance
Comestibles
 d - 4 chunks of flesh
 f - 7 rations


   Skills:
 + Level 5.8 Fighting
 + Level 3.3 Long Blades
 * Level 4.2 Axes
 + Level 5.8 Armour
 + Level 1.3 Dodging
 + Level 1.0 Stealth
 + Level 6.0 Shields


You had 7 spell levels left.
You didn't know any spells.
Your spell library was empty.

Dungeon Overview and Level Annotations

Branches:
Dungeon (2/3)              Temple (1/1) D:1
  Swamp: D:2-3       Shoals: D:2-3        Snake: D:2-3       Spider: D:2-3
  Slime: D:2-3          Orc: D:2         Vaults: D:2-3

Altars:
Ashenzari
Cheibriados
Dithmenos
Elyvilon
Fedhas
Gozag
Hepliaklqana
Kikubaaqudgha
Makhleb
Nemelex Xobeh
Okawaru
Qazlal
Ru
Sif Muna
Trog
Uskayaw
Vehumet
Wu Jian
Xom
Yredelemnul
Zin
The Shining One
Lugonu


Innate Abilities, Weirdness & Mutations

You are resistant to torment.
Your stone body is resilient. (AC +5)
You are immune to poison.
You resist negative energy. (rN+)
You are resistant to electric shocks. (rElec)
You can survive without breathing.
You are immune to petrification.
You are immune to rotting.


Message History

You slash the white ugly thing!
The white ugly thing seems more stable.
The white ugly thing is moderately wounded.
The white ugly thing tail-slaps you but does no damage.
You barely miss the white ugly thing.
The white ugly thing is moderately wounded.
You block the white ugly thing's attack.
You barely miss the white ugly thing.
The white ugly thing is moderately wounded.
The white ugly thing tail-slaps you. The white ugly thing freezes you!
The white ugly thing barely misses you.
You barely miss the white ugly thing.
The white ugly thing is moderately wounded.
The white ugly thing tail-slaps you but does no damage.
The orc warrior hits you from afar with a +1 glaive of venom!
You hit the white ugly thing.
Space warps horribly around the white ugly thing!
The white ugly thing is heavily wounded.
The white ugly thing tail-slaps you! The white ugly thing freezes you!!
Ouch! That really hurt!
You die...

.. ... #...
##### #(.#
...##..#
§§.o.. #
######u§#
..!.#.<.§§@#
#.....§§.#
#.######§#
#. #... ..
##.... .#
.#### .# .#


You could see a white ugly thing and an orc warrior.

Vanquished Creatures
  2 orc wizards (D:1)
  A hound zombie (D:1)
  2 adders (D:1)
  A gnoll (D:1)
  An ooze (D:1)
  A leopard gecko (D:1)
  12 orcs (D:1)
  A leopard gecko skeleton (D:1)
21 creatures vanquished.

Vanquished Creatures (others)
  An orc warrior (D:1)
  A water moccasin skeleton (D:1)
  An orc wizard (D:1)
3 creatures vanquished.

Grand Total: 24 creatures vanquished

Notes
Turn   | Place    | Note
-------+----------+-------------------------------------------
     0 | D:1      | Dorkslayer the Gargoyle Fighter began the quest for the
                  | Orb.
     0 | D:1      | Reached XP level 1. HP: 14/14 MP: 1/1
    14 | D:1      | Found a staircase to the Ecumenical Temple.
    22 | Temple   | Entered the Ecumenical Temple
   146 | D:1      | Found a bloodstained altar of Trog.
   175 | D:1      | Reached XP level 2. HP: 19/19 MP: 2/2
   177 | D:1      | Reached XP level 3. HP: 24/24 MP: 3/3
   180 | D:1      | Reached skill level 4 in Shields
   181 | D:1      | Reached XP level 4. HP: 29/29 MP: 4/4
   210 | D:1      | Found a shadowy altar of Dithmenos.
   229 | D:1      | Reached XP level 5. HP: 20/33 MP: 5/5
   296 | D:1      | Found a basalt altar of Yredelemnul.
   323 | D:1      | Reached skill level 1 in Axes
   323 | D:1      | Reached XP level 6. HP: 20/39 MP: 6/6
   334 | D:1      | Reached skill level 5 in Armour
   334 | D:1      | Reached skill level 5 in Shields
   403 | D:1      | Reached skill level 5 in Fighting
   403 | D:1      | Reached XP level 7. HP: 31/44 MP: 7/7
   488 | D:1      | Found a sacrificial altar of Ru.
   495 | D:1      | Found a sparkling altar of Nemelex Xobeh.
   578 | D:1      | Found a hide-covered altar of Uskayaw.
   674 | D:1      | Found a shimmering altar of Xom.
   676 | D:1      | Found an ancient bone altar of Kikubaaqudgha.
   676 | D:1      | Found an iron altar of Okawaru.
   698 | D:1      | Became a worshipper of Warmaster Okawaru
   727 | D:1      | Found an opulent altar of Gozag.
   764 | D:1      | Reached skill level 1 in Dodging
   764 | D:1      | Reached XP level 8. HP: 32/51 MP: 8/8
   767 | D:1      | Reached skill level 1 in Stealth
   767 | D:1      | Reached skill level 6 in Shields
   777 | D:1      | Found a hazy altar of Hepliaklqana.
   924 | D:2      | Noticed a white ugly thing
   935 | D:2      | Mangled by a white ugly thing

Skill      XL: |  1  2  3  4  5  6  7  8 |
---------------+-------------------------+-----
Long Blades    | 2 3 |  3.3
Armour         | 4 5 |  5.8
Shields        | 4 5 6 |  6.0
Fighting       | 4 5 |  5.8
Axes           | 1 2 3 4 |  4.2
Dodging        | 1 |  1.3
Stealth        | 1 |  1.0

Action                   |  1- 3 |  4- 6 |  7- 9 || total
-------------------------+-------+-------+-------++-------
Melee: Long sword        |    10 |    35 |       ||    45
       Hand axe          |       |    19 |    24 ||    43
  Use: Potion            |     1 |       |     2 ||     3
       Scroll            |       |       |     8 ||     8
Armor: Scale mail        |     4 |    29 |     5 ||    38
Dodge: Dodged            |     6 |    10 |     2 ||    18
Block: Shield            |     7 |    19 |    16 ||    42
       Rpst.: Long sword |     2 |     2 |       ||     4
